 Dungeon Crawl Stone Soup version 0.26-b1-32-g5d43845318 (webtiles) character file.

Game seed: 4806685826376655656

32035 MajorAdolf the Fighter (level 13, -12/88 HPs)
             Began as a Naga Wanderer on Jan 9, 2021.
             Was an Initiate of Gozag.
             Killed from afar by a wretched star (19 damage)
             ... with a lance of force
             ... on level 2 of the Abyss.
             The game lasted 00:37:48 (22266 turns).

MajorAdolf the Fighter (Naga Wanderer)             Turns: 22266, Time: 00:37:49

Health: -12/88     AC: 36    Str: 12 (14) XL:     13   Next: 62%
Magic:  9/9        EV:  0    Int: -1 (7)  God:    Gozag
Gold:   1309       SH:  8    Dex:  8 (10) Spells: 12/12 levels left

rFire    . . .     SeeInvis +   o - +2 whip (elec)
rCold    + + .     Faith    .   E - +0 kite shield (curse)
rNeg     + . .     Spirit   .   R - +6 plate armour of Insecurity {rF+ Regen+}
rPois    +         Reflect  .   (helmet restricted)
rElec    .         Harm     .   Y - +2 cloak {rCorr}
rCorr    +         Rampage  .   (no gloves)
Will     +....     Clarity  +   P - +4 barding {rC+}
Stlth    ..........             l - amulet of regeneration
HPRegen  1.04/turn              r - +4 ring of protection
MPRegen  0.11/turn              W - ring "Zutranep" {+Blink rF- rC+ rN+ Slay+2}

@: slowed, lost intelligence, very slow
A: large, beak, see invisible, [berserk 3], clarity, [clumsy 2], deformed body,
deterioration 1[+1], [dopey 2], [frail 3], low mp 1[+2], poison resistance,
slowness 2, spit poison 1, [weak 2], wild magic 1, no potion heal 1, [subdued
magic 3], constrict 1, AC +4
a: Spit Poison, Renounce Religion, Evoke Blink, Potion Petition, Call Merchant,
Bribe Branch


You were on level 2 of the Abyss.
You worshipped Gozag.
Gozag was most pleased with you.
You visited 2 branches of the dungeon, and saw 14 of its levels.
You visited the Abyss 1 time.
You visited 1 bazaar.
You also visited: Sewer and Ice Cave.

You collected 4173 gold pieces.
You spent 1988 gold pieces at shops.
You paid 876 gold pieces to Gozag.

Inventory:

Hand Weapons
 o - a +2 whip of electrocution (weapon)
 s - a +0 war axe
 J - a cursed -1 war axe
Armour
 E - a cursed +0 kite shield (worn)
 P - a +4 barding of cold resistance (worn)
 R - the +6 plate armour of Insecurity (worn) {rF+ Regen+}
   (You bought it in a shop in a bazaar)

   It protects you from fire.
   It increases your rate of regeneration.
 T - a +0 helmet
 Y - a +2 cloak of preservation (worn)
Jewellery
 l - an amulet of regeneration (around neck)
 q - an uncursed ring of flight
 r - a +4 ring of protection (left hand)
 D - an uncursed ring of willpower
 I - an uncursed ring of protection from fire
 W - the ring "Zutranep" (right hand) {+Blink rF- rC+ rN+ Slay+2}
   (You found it in an ice cave)

   [ring of positive energy]

   It affects your accuracy and damage with ranged weapons and melee attacks
   (+2).
   It makes you vulnerable to fire.
   It protects you from cold.
   It protects you from negative energy.
   It lets you blink.
 X - an uncursed ring of protection from cold
Wands
 F - a wand of disintegration (13)
 G - a wand of iceblast (18)
 N - a wand of acid (19)
 U - a wand of flame (1)
Scrolls
 b - 5 scrolls of amnesia
 f - 2 scrolls of magic mapping
 j - 2 scrolls of fear
 v - 3 scrolls of enchant armour
 y - 3 scrolls of fog
 A - 3 scrolls of remove curse
 B - 2 scrolls of immolation
 M - a scroll of blinking
 Q - 2 scrolls of enchant weapon
Potions
 e - 6 potions of heal wounds
 g - 10 potions of might
 h - 3 potions of brilliance
 i - a potion of invisibility
 m - 6 potions of lignification
 n - 2 potions of berserk rage
 p - 2 potions of flight
 t - 12 potions of curing
 u - 5 potions of resistance
 w - 3 potions of attraction {unknown}
Miscellaneous
 L - a tin of tremorstones (inert)
 O - a lightning rod (4/4)


   Skills:
 + Level 10.8 Fighting
 + Level 9.5(9.6) Axes
 - Level 2.0(6.3) Maces & Flails
 + Level 8.8 Armour
 + Level 8.7 Dodging
 - Level 3.0 Stealth
 + Level 5.1 Shields
 - Level 2.0 Unarmed Combat
 + Level 9.2 Evocations


You had 12 spell levels left.
You didn't know any spells.
Your spell library contained the following spells:

 Spells                   Type           Power        Failure   Level
 Corona                   Hex            0%           100%        1
 Magic Dart               Conj           0%           100%        1
 Poisonous Vapours        Pois/Air       0%           100%        2
 Searing Ray              Conj           0%           100%        2
 Slow                     Hex            0%           100%        2
 Conjure Flame            Conj/Fire      0%           100%        3
 Dazzling Flash           Conj/Hex       0%           100%        3
 Inner Flame              Hex/Fire       0%           100%        3
 Mephitic Cloud           Conj/Pois/Air  0%           100%        3
 Portal Projectile        Hex/Tloc       0%           100%        3
 Cause Fear               Hex            0%           100%        4
 Fulminant Prism          Conj/Hex       0%           100%        4
 Iskenderun's Mystic Bla  Conj/Tloc      0%           100%        4
 Leda's Liquefaction      Hex/Erth       0%           100%        4
 Freezing Cloud           Conj/Ice/Air   0%           100%        6


Dungeon Overview and Level Annotations

Branches:
Dungeon (13/15)            Temple (1/1) D:4            Lair (0/6) D:8
    Orc (0/2) D:10          Sewer (visited)           IceCv (visited)
 Vaults: D:13-14

Altars:
Ashenzari
Cheibriados
Dithmenos
Elyvilon
Fedhas
Gozag
Hepliaklqana
Kikubaaqudgha
Makhleb
Nemelex Xobeh
Okawaru
Qazlal
Ru
Sif Muna
Trog
Uskayaw
Vehumet
Wu Jian
Xom
Yredelemnul
Zin
The Shining One

Shops:
D:8 [   D:12 }(

Annotations:
D:3 1 runed translucent door, Crazy Yiuf
D:13 Sonja


Innate Abilities, Weirdness & Mutations

You cannot wear boots.
Your serpentine skin is tough. (AC +4)
You have supernaturally acute eyesight. (SInv)
Armour fits poorly on your strangely shaped body.
Your system is resistant to poisons. (rPois)
You cover ground very slowly.
You can spit poison.
You can use your snake-like lower body to constrict enemies.
You have a beak for a mouth.
You possess an exceptional clarity of mind.
Your spells are a little harder to cast, but a little more powerful.
Potions are less effective at restoring your health.
[You have an uncontrollable temper.]
[You are very clumsy. (Dex -4)]
[Your body often deteriorates upon taking damage.]
[You are very dopey. (Int -4)]
[You are extremely frail. (-30% HP)]
[Your magical capacity is extremely low. (-30% MP)]
[You are very weak. (Str -4)]
[Your spells are much easier to cast, but much less powerful.]


Message History

You feel extremely angry at everything!
A starcursed mass splits.
A starcursed mass splits.
A chorus of shrieks assaults your mind.
The wretched star glows turbulently.
The lance of force hits you!!
* * * LOW HITPOINT WARNING * * *
Your body deteriorates!
You feel clumsy.
You are knocked back by the lance of force.
You slam into the stone wall!
The wretched star pulses with an eldritch light!
Your connection to magic feels nearly dormant.
The neqoxec gestures at you.
Something tries to feed on your intellect!
The wretched star pulses with an eldritch light!
The large abomination hits you!
* * * LOW HITPOINT WARNING * * *
The wretched star glows turbulently.
The lance of force hits you!!
You die...
Your body crumbles into a pile of gold.

###...#..##X#. .
......##..# ......#
#..#
####....X##.3.##
#.#..#.##..X3## ##
##..#XX..#.#.#..##
#.#..3X.X#... .*..3
#X***##...##ยง...3.
#@#...####...#.#.#
#..#...#. .# #. #.
.##..####... ....#
.. #.# #........#
.#. .# # ..#... .
#..# ## .... # . #
.##... # .#.


You could see 5 starcursed masses, 3 wretched stars, a large abomination and a
neqoxec.

Vanquished Creatures
  A frost giant (IceCv)
  Azrael (D:12)
  A hydra (D:11)
  3 boulder beetles
  A centaur warrior (D:13)
  2 death yaks (IceCv)
  2 unseen horrors
  4 cyclopes
  2 manticores (D:11)
  4 centaur zombies
  An ice statue (IceCv)
  A smoke demon (Abyss:2)
  A cane toad (shapeshifter) (D:11)
  2 rime drakes (IceCv)
  A freezing wraith (D:11)
  2 kobold demonologists
  11 polar bears (IceCv)
  7 trolls
  A wolf spider simulacrum (D:13)
  2 hornets
  A meliai zombie (D:11)
  A shadow (D:11)
  A ynoxinul (Abyss:2)
  2 wyverns
  A wraith (D:11)
  22 yaks
  5 fire elementals (D:12)
  A golden eye (shapeshifter) (D:10)
  Eustachio (D:5)
  Menkaure (D:5)
  3 acid dragons
  2 hell hounds (D:12)
  A water moccasin (D:9)
  13 orc warriors
  6 sky beasts
  An eye of draining (D:11)
  A black bear (D:8)
  5 ice beasts
  2 necrophages
  3 phantoms
  6 ogres
  13 wolves (IceCv)
  3 centaurs
  3 big kobolds
  3 gnoll sergeants (D:10)
  13 bullfrogs
  A wyvern zombie (D:11)
  A wyvern skeleton (D:8)
  5 scorpions
  A killer bee (D:11)
  8 electric eels
  A howler monkey (D:6)
  4 wights (D:10)
  2 bullfrog zombies
  A quasit (D:9)
  5 hounds
  8 orc priests
  4 jellies
  3 bullfrog skeletons
  2 centaur skeletons
  13 orc wizards
  6 iguanas
  8 worker ants
  A small abomination (Abyss:2)
  A hound skeleton (D:8)
  2 hound zombies
  A howler monkey skeleton (D:9)
  4 gnolls
  12 adders
  5 river rats (Sewer)
  A shadow imp (D:8)
  2 white imps (D:6)
  An ufetubus (D:5)
  An ooze (D:3)
  3 adder skeletons
  4 worms
  2 dart slugs
  9 leopard geckos
  81 orcs
  3 giant cockroaches
  9 hobgoblins
  10 jackals
  28 kobolds
  4 quokkas
  6 ball pythons
  11 bats
  7 frilled lizards
  7 goblins
  A jackal skeleton (D:4)
  25 rats
478 creatures vanquished.

Vanquished Creatures (others)
  A polar bear (IceCv)
  A yak (IceCv)
  2 wolves (IceCv)
  A fungus (D:8)
  55 plants
60 creatures vanquished.

Grand Total: 538 creatures vanquished

Notes
Turn   | Place    | Note
-------+----------+-------------------------------------------
     0 | D:1      | MajorAdolf the Naga Wanderer began the quest for the Orb.
     0 | D:1      | MajorAdolf set off with the following items: a +2 dagger, a
                  | potion of berserk rage, a +0 ring mail, a scroll of
                  | teleportation
     0 | D:1      | Reached XP level 1. HP: 21/21 MP: 1/1
   251 | D:1      | Reached XP level 2. HP: 28/28 MP: 2/2
  1105 | D:2      | Reached skill level 1 in Dodging
  1105 | D:2      | Reached XP level 3. HP: 28/34 MP: 3/3
  1644 | D:2      | Reached XP level 4. HP: 43/44 MP: 4/4
  1941 | D:2      | Noticed a phantom
  1953 | D:2      | Killed a phantom
  1954 | D:2      | Reached skill level 4 in Fighting
  1954 | D:2      | Reached XP level 5. HP: 42/50 MP: 5/5
  2944 | D:3      | Found a glowing drain.
  2951 | D:3      | Reached XP level 6. HP: 58/58 MP: 6/6
  2980 | Sewer    | Entered a sewer
  4072 | D:3      | Found a runed translucent door.
  4073 | D:3      | Noticed Crazy Yiuf
  4124 | D:3      | Found a sacrificial altar of Ru.
  4299 | D:3      | Found a blossoming altar of Fedhas.
  4300 | D:3      | Found an ancient bone altar of Kikubaaqudgha.
  4447 | D:3      | Found a faded altar of an unknown god.
  4569 | D:3      | Found a broken altar of Ashenzari.
  5416 | D:4      | Reached skill level 5 in Fighting
  5420 | D:4      | Reached XP level 7. HP: 65/67 MP: 7/7
  5913 | D:4      | Found a sparkling altar of Nemelex Xobeh.
  5914 | D:4      | Found an ornate altar of the Wu Jian Council.
  5969 | D:4      | Reached skill level 1 in Axes
  6692 | D:4      | Reached XP level 8. HP: 73/76 MP: 8/8
  6888 | D:4      | Found a staircase to the Ecumenical Temple.
  7212 | D:5      | Entered Level 5 of the Dungeon
  7212 | D:5      | Found an iron altar of Okawaru.
  7214 | D:5      | Noticed Menkaure
  7256 | D:5      | Noticed Eustachio
  7289 | D:5      | Killed Eustachio
  7290 | D:5      | Reached skill level 1 in Evocations
  7377 | Temple   | Entered the Ecumenical Temple
  7402 | Temple   | Became a worshipper of Gozag Ym Sagoz the Greedy
  7581 | D:5      | Reached skill level 6 in Fighting
  7591 | D:5      | Killed Menkaure
  8789 | D:6      | Noticed an unseen horror
  8806 | D:6      | Killed an unseen horror
  8807 | D:6      | Reached skill level 5 in Armour
  8807 | D:6      | Reached XP level 9. HP: 60/85 MP: 9/9
  9156 | D:6      | Reached skill level 5 in Dodging
  9216 | D:6      | Reached skill level 7 in Fighting
 11807 | D:7      | Reached skill level 5 in Axes
 12362 | D:8      | Reached XP level 10. HP: 92/94 MP: 10/10
 12798 | D:8      | Found a staircase to the Lair.
 12910 | D:8      | Reached skill level 5 in Evocations
 13923 | D:9      | Reached skill level 8 in Fighting
 14623 | D:9      | Found a hazy altar of Hepliaklqana.
 14990 | D:10     | Entered Level 10 of the Dungeon
 15192 | D:10     | Noticed a cyclops
 15221 | D:10     | Killed a cyclops
 15222 | D:10     | Reached XP level 11. HP: 18/104 MP: 11/11
 15749 | D:10     | Found a staircase to the Orcish Mines.
 16139 | D:10     | Reached skill level 9 in Fighting
 16329 | D:11     | Noticed a manticore
 16724 | D:11     | Killed a manticore
 16863 | D:11     | Reached skill level 1 in Shields
 16987 | D:11     | Noticed a cyclops
 17000 | D:11     | Killed a cyclops
 17183 | D:11     | Paralysed by a hornet for 2 turns
 17191 | D:11     | Noticed an unseen horror
 17202 | D:11     | Killed an unseen horror
 17206 | D:11     | Noticed a cyclops
 17212 | D:11     | Noticed a boulder beetle
 17214 | D:11     | Noticed a manticore
 17269 | D:11     | Noticed a five-headed hydra
 17270 | D:11     | Killed a cyclops
 17272 | D:11     | Noticed a minotaur
 17272 | D:11     | a five-headed hydra changed into a minotaur
 17495 | D:11     | Found an opulent altar of Gozag.
 17552 | D:11     | Killed a boulder beetle
 17553 | D:11     | Reached XP level 12. HP: 49/115 MP: 12/12
 18128 | D:11     | Noticed a six-headed hydra
 18248 | D:12     | Found a flickering gateway to a bazaar.
 18276 | Bazaar   | Entered a bazaar
 18283 | Bazaar   | Found Lafiepef's Magic Scroll Shop.
 18307 | Bazaar   | Found Opaem's Armour Shop.
 18326 | Bazaar   | Found Rosaed's Book Shop.
 18339 | Bazaar   | Found Rewegai's Distillery.
 18387 | Bazaar   | Bought a scroll of acquirement for 520 gold pieces
 18387 | Bazaar   | Bought a scroll of enchant weapon for 75 gold pieces
 18387 | Bazaar   | Bought a scroll of enchant armour for 75 gold pieces
 18403 | Bazaar   | Bought the +6 plate armour of Insecurity {rF+ Regen+} for
                  | 804 gold pieces
 18439 | Bazaar   | Acquired a +0 barding of cold resistance
 18460 | Bazaar   | Bought a potion of curing for 51 gold pieces
 18460 | Bazaar   | Bought a potion of heal wounds for 85 gold pieces
 18570 | D:12     | Noticed a boulder beetle
 18583 | D:12     | Killed a boulder beetle
 18821 | D:11     | Gained mutation: [You are weak. (Str -2)] [a neqoxec]
 18822 | D:11     | Gained mutation: Potions are less effective at restoring
                  | your health. [a neqoxec]
 18823 | D:11     | Gained mutation: [Your body sometimes deteriorates upon
                  | taking damage.] [a neqoxec]
 18876 | D:11     | Killed a six-headed hydra
 19345 | D:12     | Noticed Azrael
 19389 | D:12     | Reached skill level 10 in Fighting
 19391 | D:12     | Found Vedal's Gadget Shoppe.
 19482 | D:12     | Killed Azrael
 19567 | D:12     | Found Rexzof's Antique Weapon Shoppe.
 19596 | D:12     | Bought a wand of iceblast (12) for 224 gold pieces
 19596 | D:12     | Bought a wand of flame (20) for 154 gold pieces
 19913 | D:13     | Noticed a catoblepas
 20002 | D:13     | Found a frozen archway.
 20010 | IceCv    | Entered an ice cave
 20762 | IceCv    | Got a flickering pewter ring
 20765 | IceCv    | Identified the ring "Zutranep" {+Blink rF- rC+ rN+ Slay+2}
                  | (You found it in an ice cave)
 20839 | IceCv    | Gained mutation: You can use your snake-like lower body to
                  | constrict enemies. [Naga growth]
 20839 | IceCv    | Reached XP level 13. HP: 124/124 MP: 13/13
 20873 | IceCv    | Got a spiked chain mail
 21189 | IceCv    | Noticed a frost giant
 21230 | IceCv    | Killed a frost giant
 21427 | IceCv    | Identified the +1 chain mail "Kocuckameo" {rPois Will+
                  | Dex-2 SInv} (You found it in an ice cave)
 21482 | D:13     | Lost mutation: [You are weak. (Str -2)] [potion of
                  | mutation]
 21482 | D:13     | Lost mutation: [Your body sometimes deteriorates upon
                  | taking damage.] [potion of mutation]
 21482 | D:13     | Gained mutation: [Your body sometimes deteriorates upon
                  | taking damage.] [potion of mutation]
 21482 | D:13     | Gained mutation: You have a beak for a mouth. [potion of
                  | mutation]
 21482 | D:13     | Gained mutation: You possess an exceptional clarity of
                  | mind. [potion of mutation]
 21482 | D:13     | Gained mutation: Your spells are a little harder to cast,
                  | but a little more powerful. [potion of mutation]
 21607 | D:13     | Reached skill level 5 in Shields
 22171 | D:13     | Noticed Sonja
 22175 | D:13     | Cast into level 2 of the Abyss (Sonja)
 22175 | Abyss:2  | Found a corrupted altar of Lugonu.
 22238 | Abyss:2  | Found an ancient bone altar of Kikubaaqudgha.
 22241 | Abyss:2  | Noticed a starcursed mass
 22254 | Abyss:2  | Noticed a starcursed mass
 22256 | Abyss:2  | Gained mutation: [Your magical capacity is extremely low.
                  | (-30% MP)] [a neqoxec]
 22262 | Abyss:2  | Lost intelligence.
 22266 | Abyss:2  | Killed from afar by a wretched star

Illustrated notes

Levels and vault maps discovered:
D:1:      ebering_hopf_link, layout_loops_corners
D:2:      layout_basic, grunt_decor_arrowhead
D:3:      layout_basic, grunt_temple_overflow_growth_and_decay,
          lemuel_round_altar, portal_sewer_entry_c,
          chequers_ecumenical_altar_grove, nicolae_ashenzari_panopticon,
          uniq_crazy_yiuf_cottage
D:4:      layout_layer_cave, gammafunk_temple_overflow_statue, temple_fountains
D:5:      layout_basic, minivault_23, okawaru_trees_2, uniq_eustachio,
          uniq_menkaure
D:6:      layout_gridville
D:7:      layout_basic, serial_bayou, serial_bayou_lagoon_a,
          serial_bayou_ford_a, serial_bayou_shore_a, serial_bayou_pond_a,
          grunt_potential
D:8:      layout_basic, grunt_lair_entry_orc_guard_hut
D:9:      layout_layer_cave, basic_altar
D:10:     layout_long_grid, kennysheep_orc_monster_closet_entryway
D:11:     nzn_winding_woodlands_cross
          [nzn_winding_woodlands_5x15_river_crossing,
          nzn_winding_woodlands_5x15_longhouse,
          nzn_winding_woodlands_5x15_jagged, nzn_winding_woodlands_5x15_zeroes,
          nzn_winding_woodlands_15x15_five_gardens], layout_basic,
          grunt_gozag_statues
D:12:     layout_basic, serial_shops, bzr_entry_gold, shop, shop,
          kennysheep_generic_room_16, uniq_azrael
D:13:     layout_stronghold, portal_ice_cave_entry_pillars_2,
          serial_column_ruins, column_ruins_open_tiny, column_ruins_grid_4,
          column_ruins_open_small, column_ruins_corridor_straight,
          column_ruins_columns_T, minmay_holes, uniq_sonja
Temple:   minmay_crystal_spiral_temple
Abyss:2:  base:
D:5

Skill      XL: |  1  2  3  4  5  6  7  8  9 10 11 12 13 |
---------------+----------------------------------------+-----
Dodging        | 1 2 3 4 5 6 7 8 |  8.7
Armour         | 2 3 4 5 6 7 8 |  8.8
Fighting       | 4 5 6 7 8 9 10 | 10.8
Axes           | 1 3 5 6 7 8 9 |  9.5
Evocations     | 3 4 6 7 8 9 |  9.2
Shields        | 2 4 5 |  5.1
Maces & Flails | |  2.0
Stealth        | |  3.0
Unarmed Combat | |  2.0

Action                   |  1- 3 |  4- 6 |  7- 9 | 10-12 | 13-15 || total
-------------------------+-------+-------+-------+-------+-------++-------
Melee: Dagger            |    90 |       |       |       |       ||    90
       Whip              |    14 |   294 |   515 |  1129 |   246 ||  2198
       Punch             |       |     2 |     3 |     2 |       ||     7
       Constrict         |       |       |       |       |    40 ||    40
       Peck              |       |       |       |       |    22 ||    22
Invok: Call Merchant     |       |       |       |     1 |       ||     1
 Abil: Spit Poison       |     3 |     2 |    10 |     9 |       ||    24
Evoke: Wand              |       |       |       |    27 |     5 ||    32
       Lightning rod     |       |       |       |     4 |       ||     4
       Tin of tremorston |       |       |       |     2 |     1 ||     3
  Use: Scroll            |       |    10 |     5 |    17 |     7 ||    39
       Potion            |       |       |     1 |     1 |     1 ||     3
 Stab: Sleeping          |     2 |     2 |       |       |       ||     4
       Paralysed         |       |       |       |     8 |       ||     8
       Distracted        |       |       |       |     2 |       ||     2
Armor: Ring mail         |    33 |   124 |       |       |       ||   157
       Chain mail        |       |     7 |   350 |   444 |       ||   801
       Plate armour      |       |       |       |   410 |   167 ||   577
Dodge: Dodged            |    46 |   148 |   165 |   285 |    17 ||   661
Block: Kite shield       |       |       |       |   326 |    99 ||   425
